 Dungeon Crawl Stone Soup version 0.22-a0-448-g1fb7470005 (webtiles) character file.

266 Kisurie the Chopper (level 6, 0/49 (53) HPs)
             Began as a Hill Orc Fighter on June 4, 2018.
             Slain by YoungGLord's ghost (11 damage)
             ... on level 4 of the Dungeon.
             The game lasted 00:13:11 (3304 turns).

Kisurie the Chopper (Hill Orc Fighter)              Turns: 3304, Time: 00:13:12

HP:   0/49 (53)     AC:  7    Str: 21    XL:     6   Next: 20%
MP:   6/6           EV:  7    Int:  8    God:
Gold: 132           SH:  9    Dex: 10    Spells: 5/5 levels left

rFire    . . .     SeeInvis .   a - +0 war axe
rCold    . . .     Gourm    .   c - +0 shield
rNeg     . . .     Faith    .   b - +0 scale mail
rPois    .         Spirit   .   (no helmet)
rElec    .         Reflect  .   (no cloak)
rCorr    .         Harm     .   (no gloves)
MR       .....                  (no boots)
Stlth    ..........             (no amulet)
HPRegen  0.16/turn              (no ring)
MPRegen  0.10/turn              (no ring)

@: no status effects
A: no striking features
a: no special abilities


You were on level 4 of the Dungeon.
You were not hungry.

You visited 1 branch of the dungeon, and saw 4 of its levels.

You collected 132 gold pieces.

Inventory:

Hand Weapons
 a - a +0 war axe (weapon)
Missiles
 j - 78 arrows
Armour
 b - a +0 scale mail (worn)
 c - a +0 shield (worn)
Scrolls
 i - 5 scrolls of remove curse {unknown}
 k - 2 scrolls of identify {unknown}
 m - a scroll of fog {unknown}
 n - a scroll of enchant armour {unknown}
Potions
 d - a potion of might
 e - 2 potions of curing {unknown}
 g - a potion of mutation {unknown}
 h - 2 potions of flight {unknown}
 l - a potion of magic {unknown}
Comestibles
 f - 7 rations


   Skills:
 + Level 4.5 Fighting
 + Level 6.0 Axes
 + Level 4.4 Armour
 + Level 0.3 Stealth
 + Level 4.2 Shields


You had 5 spell levels left.
You didn't know any spells.
Your spell library was empty.

Dungeon Overview and Level Annotations

Branches:
Dungeon (4/15)
 Temple: D:4-7

Altars:

Annotations:
D:4 YoungGLord's ghost, amateur MiFi


Message History

You barely miss YoungGLord's ghost.
YoungGLord's ghost is lightly damaged.
YoungGLord's ghost hits you!
You hit YoungGLord's ghost but do no damage.
YoungGLord's ghost is lightly damaged.
You block YoungGLord's ghost's attack.
You hit YoungGLord's ghost but do no damage.
YoungGLord's ghost is lightly damaged.
YoungGLord's ghost barely misses you.
YoungGLord's ghost hits you.
You barely miss YoungGLord's ghost.
YoungGLord's ghost is lightly damaged.
YoungGLord's ghost hits you but does no damage.
You hit YoungGLord's ghost but do no damage.
YoungGLord's ghost is lightly damaged.
YoungGLord's ghost hits you.
* * * LOW HITPOINT WARNING * * *
You barely miss YoungGLord's ghost.
YoungGLord's ghost is lightly damaged.
YoungGLord's ghost hits you!
You die...

######## ##......##
# ##........##
.#.#####..........#
..?....#..........#
..................#
.....(SW..........#
.......#@.........#
.......##........##
.#.....#..........#
.....??#..........#
.$.....#.......<..#
.......#....(.....#
.......#..........#
#........##
#....>..##


You could see YoungGLord's ghost and an adder.

Vanquished Creatures
  A necrophage (D:3)
  Crazy Yiuf (D:3)
  Natasha (D:3)
  3 adders
  An ooze (D:3)
  4 worms
  3 dart slugs
  4 leopard geckos
  5 orcs (D:3)
  A ball python (D:1)
  3 giant cockroaches
  6 goblins
  8 hobgoblins
  6 jackals (D:2)
  A quokka (D:2)
  4 bats
  2 frilled lizards
  5 kobolds
  4 rats
  4 fungi (D:3)
67 creatures vanquished.

Notes
Turn   | Place    | Note
-------+----------+-------------------------------------------
     0 | D:1      | Kisurie the Hill Orc Fighter began the quest for the Orb.
     0 | D:1      | Reached XP level 1. HP: 19/19 MP: 1/1
    90 | D:1      | Reached skill level 3 in Axes
    92 | D:1      | Reached XP level 2. HP: 21/27 MP: 2/2
  1093 | D:2      | Reached XP level 3. HP: 32/33 MP: 3/3
  1602 | D:2      | Reached skill level 4 in Axes
  1615 | D:2      | Reached XP level 4. HP: 31/40 MP: 4/4
  1995 | D:3      | Noticed a necrophage
  2030 | D:3      | Killed a necrophage
  2030 | D:3      | Reached skill level 5 in Axes
  2030 | D:3      | Reached XP level 5. HP: 28/42 MP: 5/5
  2512 | D:3      | Found a runed door.
  2635 | D:3      | Noticed Natasha
  2652 | D:3      | Killed Natasha
  2661 | D:3      | Reached XP level 6. HP: 22/49 MP: 6/6
  3096 | D:3      | Noticed Crazy Yiuf
  3103 | D:3      | Killed Crazy Yiuf
  3103 | D:3      | Reached skill level 6 in Axes
  3290 | D:4      | Noticed YoungGLord's ghost (amateur MiFi)
  3304 | D:4      | Slain by YoungGLord's ghost

Vault maps used:
D:1:      minmay_arrival_solitary_statue
D:2:      kennysheep_generic_room_2
D:3:      first_ration, uniq_crazy_yiuf_cottage, uniq_natasha
D:4:      nicolae_elemental_shop

Skill      XL: |  1  2  3  4  5  6 |
---------------+-------------------+-----
Axes           | 3 4 5 6 |  6.0
Fighting       | 4 |  4.5
Armour         | 4 |  4.4
Shields        | 4 |  4.2
Stealth        | |  0.3

Action                   |  1- 3 |  4- 6 || total
-------------------------+-------+-------++-------
Melee: War axe           |   112 |   168 ||   280
  Eat: Chunk             |     2 |     2 ||     4
       Ration            |       |     2 ||     2
Armor: Scale mail        |    55 |    41 ||    96
Dodge: Dodged            |    46 |    27 ||    73
Block: Shield            |    55 |    68 ||   123

Table legend:
 A = Spawn XP
 B = Non-spawn XP
 C = Spawn XP percentage of total XP
 D = Spawn monster count
 E = Non-spawn monster count
 F = Spawn count percentage of total count
 G = Total turns spent on level
                    A         B        C        D         E        F      G
               +---------+---------+-------+---------+---------+-------+---------
         Total |       0 |     381 |   0.0 |       0 |      63 |   0.0 |  3304
               +---------+---------+-------+---------+---------+-------+---------
           D:1 |       0 |      33 |   0.0 |       0 |      16 |   0.0 |  1086
           D:2 |       0 |      81 |   0.0 |       0 |      25 |   0.0 |  1114
           D:3 |       0 |     267 |   0.0 |       0 |      22 |   0.0 |  1062
               +---------+---------+-------+---------+---------+-------+---------
